[Event "Team 45 45 League T31"]
[Site "Internet Chess Club"]
[Date "2006.08.21"]
[Round "9"]
[White "fmvgvg"]
[Black "camembert"]
[Result "1/2-1/2"]
[WhiteElo "2064"]
[BlackElo "1895"]
[TimeControl "2700+45"]

1. e4 e5 2. Nf3 Nc6 3. Bc4 Bc5 4. c3 Nf6 5. d4 exd4 6. cxd4 Bb4+ 7. Bd2 Bxd2+ 8.
Nbxd2 d5 9. exd5 Nxd5 10. Qb3 Na5 11. Qa4+ Nc6 12. Bb5 Bd7 13. O-O O-O 14. Rfe1
a6 15. Bxc6 Bxc6 16. Qc2 Nf4 17. Rac1 Rc8 18. Qf5 Ne6 19. Nb3 Bd5 20. Re3 Qd6
21. Nc5 b6 22. Ne4 Bxe4 23. Rxe4 Rcd8 24. Rh4 g6 25. Qd3 c5 26. Qxa6 cxd4 27.
Qd3 Rfe8 28. Re4 Nf4 29. Rxe8+ Rxe8 30. Qb5 Ne2+ 31. Kf1 Nxc1 32. Qxe8+ Kg7 33.
a4 Nd3 34. Qb5 Nf4 35. g3 Ne6 36. Ke1 Qc7 37. Kd2 Qc5 38. Qxc5 Nxc5 39. Nxd4
Nxa4 40. b4 Nb2 41. f4 Nc4+ 42. Kd3 Nd6 43. g4 Kf6 44. Ke3 Ke7 45. h4 Kd7 46. f5
gxf5 47. g5 Ke7 48. h5 Kf8 49. Kf4 Kg7 50. Nxf5+ Nxf5 51. Kxf5 Kg8 52. b5 Kh8
53. Ke5 Kg7 54. Kd6 h6 55. gxh6+ Kxh6 56. Kc6 f5 57. Kxb6 {Game drawn by mutual
agreement} 1/2-1/2  aics%

[Event "Team 45 45 League T31"]
[Site "Internet Chess Club"]
[Date "2006.08.19"]
[Round "9"]
[White "Klampin"]
[Black "blancaas"]
[Result "0-1"]
[WhiteElo "1881"]
[BlackElo "1963"]
[TimeControl "2700+45"]

1. c4 c5 2. Nc3 Nc6 3. Nf3 Nf6 4. d4 cxd4 5. Nxd4 d6 6. e4 g6 7. Be2 Bg7 8. Be3
O-O 9. O-O Bd7 10. f4 Rc8 11. Qd2 Ng4 12. Nxc6 bxc6 13. Bxg4 Bxg4 14. Bxa7 c5
15. Nd5 Bd4+ 16. Kh1 Rc6 17. f5 Ra6 18. Qg5 Be2 19. Nxe7+ Kh8 20. Rfe1 Rxa7 21.
Nxg6+ fxg6 22. Qxd8 Rxd8 23. Rxe2 Re8 24. g4 Rb7 25. Rb1 Rbe7 26. Rbe1 Bf6 27.
Kg2 Bh4 28. Rd1 Rxe4 29. Rxe4 Rxe4 30. Kf3 Rxc4 31. Rxd6 gxf5 32. gxf5 Kg7 33.
Rd7+ Kf6 34. b3 Rc2 35. Rxh7 Be1 36. Kg4 Rxa2 37. Rh6+ Kg7 38. Rg6+ Kf7 39. Rc6
Bb4 40. h4 Re2 41. Rc7+ Re7 42. Rc6 Re4+ 43. Kg5 Bd2+ 44. Kh5 Be3 45. Rc8 Rb4
46. Rc6 Rxb3 47. Kg4 Rb4+ 48. Kf3 Bd4 49. h5 c4 50. Rc7+ Kf6 51. Kg4 Be5 52.
Rc6+ Kf7 53. h6 c3+ 54. Kh5 Rb2 55. Kg5 Rg2+ 56. Kh5 c2 57. h7 Bb2 58. Rc7+ Ke8
59. Rc8+ Kd7 60. Rc4 c1=Q 61. Rxc1 Bxc1 62. f6 Ke6 {White resigns} 0-1  aics%

[Event "Team 45 45 League T31"]
[Site "Internet Chess Club"]
[Date "2006.08.21"]
[Round "9"]
[White "egd01"]
[Black "Rainbird"]
[Result "1-0"]
[WhiteElo "1666"]
[BlackElo "1703"]
[TimeControl "2700+45"]

1. e4 c5 2. Nf3 e6 3. d4 cxd4 4. Nxd4 Nc6 5. g3 Qc7 6. Nb5 Qb8 7. Bg2 a6 8. Nd4
d6 9. O-O Be7 10. Nc3 Qc7 11. Be3 Ne5 12. Qc1 b5 13. Nce2 Bb7 14. Bg5 Nf6 15. f4
Ng6 16. Bxf6 Bxf6 17. f5 exf5 18. Nxf5 Qb6+ 19. Kh1 Ne5 20. Qf4 Nc4 21. Nxg7+
Bxg7 22. Qxf7+ Kd8 23. Qxg7 Re8 24. Rf8 Ne3 25. Qf6+ Kc7 26. Qf7+ Kb8 27. Rxe8+
Ka7 28. Rxa8+ Kxa8 29. Qg8+ Ka7 30. Qxh7 Ng4 31. h3 Ne3 32. Kh2 a5 33. Bf3 Nxc2
34. Rf1 Ne3 35. Rc1 Nc4 36. b3 Qf2+ 37. Bg2 Ne3 38. Nf4 Ka6 39. h4 Ng4+ 40. Kh3
Ne5 41. Rc7 Qb6 42. Rxb7 Qxb7 43. Qxb7+ Kxb7 44. Nd5 a4 45. h5 axb3 46. axb3 Kc6
47. h6 Nf7 48. h7 Ng5+ 49. Kg4 Nxh7 50. Kf5 Nf8 51. g4 Nd7 52. g5 Ne5 53. b4 Kd7
54. Bf1 Ke8 55. Bxb5+ Kf7 56. Be2 Nc6 57. g6+ Kg7 58. Kg5 Nd4 59. Bg4 Nc6 60. b5
Nd8 61. b6 Nc6 62. b7 Nd8 63. b8=Q Ne6+ 64. Kh4 {Black resigns} 1-0  aics%

[Event "Team 45 45 League T31"]
[Site "Internet Chess Club"]
[Date "2006.08.22"]
[Round "9"]
[White "RD1974"]
[Black "arriero55"]
[Result "0-1"]
[WhiteElo "1660"]
[BlackElo "1607"]
[TimeControl "2700+45"]

1. e4 c5 2. Nc3 d6 3. d3 Nf6 4. g3 Na6 5. Bg2 Rb8 6. Be3 Nc7 7. Qd2 b5 8. h3 h5
9. f4 Nd7 10. Nf3 e5 11. f5 Be7 12. Ne2 d5 13. exd5 Nxd5 14. Bg5 Bb7 15. O-O
N5f6 16. Nc3 a6 17. Rae1 O-O 18. Nxe5 Nxe5 19. Rxe5 Qd4+ 20. Qe3 Qxe3+ 21. Rxe3
Bd8 22. Ne4 Nxe4 23. Bxd8 Nxg3 24. Rxg3 Rfxd8 25. f6 g6 26. Re3 Bxg2 27. Kxg2
Re8 28. Rfe1 Kf8 29. Kf3 Rxe3+ 30. Rxe3 Re8 31. Re4 Re6 32. Rxe6 fxe6 33. Kf4
Kf7 34. Kg5 e5 35. h4 a5 36. a3 c4 37. b3 c3 38. d4 exd4 39. Kf4 d3 40. Ke3 dxc2
41. Kd3 c1=Q 42. b4 axb4 43. axb4 Qd2+ 44. Ke4 c2 45. Kf3 c1=Q 46. Ke4 Qce1+ 47.
Kf3 Qde2+ 48. Kf4 Qe4+ 49. Kg5 Qg3+ 50. Kh6 Kxf6 51. Kh7 Qe7+ 52. Kh6 Qf4#
{White checkmated} 0-1  aics%

[Event "Team 45 45 League T31"]
[Site "Internet Chess Club"]
[Date "2006.08.20"]
[Round "9"]
[White "Gregorio"]
[Black "NotSoGreat"]
[Result "0-1"]
[WhiteElo "2097"]
[BlackElo "2347"]
[TimeControl "2700+45"]

1. e4 c5 2. Nf3 Nc6 3. d4 cxd4 4. Nxd4 Qc7 5. Be3 e6 6. Nd2 Nf6 7. Be2 a6 8. O-O
d5 9. exd5 Nxd5 10. Nxc6 Nxe3 11. fxe3 bxc6 12. Bh5 g6 13. Ne4 f5 14. Ng5 Be7
15. Nxh7 Kf7 16. Qg4 gxh5 17. Ng5+ Kg6 18. Qd4 Bf6 19. Nxe6 Bxe6 20. Qc5 Bd5 21.
Rad1 Qe7 {White resigns} 0-1  aics%

[Event "Team 45 45 League T31"]
[Site "Internet Chess Club"]
[Date "2006.08.22"]
[Round "9"]
[White "Brillianov"]
[Black "bobhill"]
[Result "1/2-1/2"]
[WhiteElo "2138"]
[BlackElo "2059"]
[TimeControl "2700+45"]

1. e4 c5 2. d4 cxd4 3. c3 dxc3 4. Nxc3 Nc6 5. Nf3 d6 6. Bc4 a6 7. e5 dxe5 8.
Qxd8+ Nxd8 9. Nd5 Ne6 10. Nb6 Rb8 11. Nxe5 {Game drawn by mutual agreement}
1/2-1/2  aics%  Gomer(340): Or is that lazy? I get the two mixed up aics% 
jorquerino(FM)(71): para empeorar aics%

[Event "Team 45 45 League T31"]
[Site "Internet Chess Club"]
[Date "2006.08.22"]
[Round "9"]
[White "baumhauer"]
[Black "kabindra"]
[Result "1/2-1/2"]
[WhiteElo "2008"]
[BlackElo "1831"]
[TimeControl "2700+45"]

1. e4 e5 2. Nf3 Nc6 3. Bb5 a6 4. Ba4 b5 5. Bb3 Nf6 6. O-O Be7 7. Bd5 O-O 8. c3
Nxd5 9. exd5 e4 10. dxc6 exf3 11. Qxf3 d5 12. a4 bxa4 13. Rxa4 Be6 14. Qe2 a5
15. Qb5 Qd6 16. Rxa5 Rxa5 17. Qxa5 Qxc6 18. Qa1 Bf5 19. b4 Qg6 20. Na3 Bh3 21.
g3 Qd3 22. Bb2 Bxf1 23. Qxf1 Qxd2 24. Qc1 Qxc1+ 25. Bxc1 Ra8 26. Kg2 c6 27. Nc2
Bf6 28. Nd4 Bxd4 29. cxd4 Ra2 30. Bf4 Kf8 31. h4 f5 32. Bd6+ Kf7 33. Kf3 h5 34.
Ke3 g6 35. f3 Ra3+ 36. Kf4 Ra8 37. Bc5 Kf6 38. Bd6 Ra1 39. Bc5 Re1 40. Bb6 Re2
41. Bd8+ Ke6 42. Bb6 Rg2 43. Bc5 Rg1 44. Bb6 Rb1 45. Bc5 Rb3 46. Bf8 Rc3 47. Bc5
Kf6 48. Bb6 Ke7 49. Bc5+ Kf7 50. Bb6 Kf6 51. Bd8+ Kf7 52. Bb6 {Game drawn by
mutual agreement} 1/2-1/2  aics%

[Event "Team 45 45 League T31"]
[Site "Internet Chess Club"]
[Date "2006.08.21"]
[Round "9"]
[White "The-Rookie"]
[Black "room-matt"]
[Result "1-0"]
[WhiteElo "1786"]
[BlackElo "1934"]
[TimeControl "2700+45"]

1. e4 e5 2. Nf3 Nc6 3. Bb5 Nf6 4. d3 Ne7 5. O-O c6 6. Ba4 Ng6 7. Re1 Be7 8. d4
exd4 9. e5 Nd5 10. Bb3 d6 11. Bxd5 cxd5 12. exd6 Qxd6 13. Bg5 f6 14. Bc1 O-O 15.
Nxd4 Bd8 16. b3 Bc7 17. g3 Qd8 18. Ba3 Rf7 19. Nd2 Ba5 20. b4 Bb6 21. N2f3 Bg4
22. Qd2 a5 23. bxa5 Bxa5 24. Bb4 Rd7 25. Bxa5 Qxa5 26. Re8+ Nf8 27. Rxa8 Qxa8
28. Qf4 Be6 29. Re1 Bf7 30. Nf5 Qd8 31. N3d4 Qa5 32. Re2 Qb4 33. Kg2 Ng6 34. Qg4
Qb6 35. h4 h5 36. Qf3 Ne5 37. Qe3 Qc7 38. Nf3 Ng4 39. Qa3 Kh7 40. Qf8 Bg6 41.
Ne7 Qd8 42. Nxg6 Kxg6 43. Qa3 Nh6 44. Nd4 Qc8 45. Qd3+ Kf7 46. Qf3 g6 47. Qe3
Ng8 48. Qe6+ Kg7 49. Qb6 f5 50. Qe6 Kh6 51. Nxf5+ Kh7 52. Nd6 Qc6 53. Ne8 Qxe6
54. Rxe6 Re7 55. Rxe7+ Nxe7 56. Kf3 Kh6 57. Nd6 b6 58. Kf4 d4 59. Ke4 Nc6 60. a3
Kg7 61. Kd5 Ne7+ 62. Kxd4 Nf5+ 63. Nxf5+ gxf5 64. Ke5 Kg6 65. f4 b5 66. c3
{Black resigns} 1-0  aics%

[Event "Team 45 45 League T31"]
[Site "Internet Chess Club"]
[Date "2006.08.20"]
[Round "9"]
[White "qs16"]
[Black "Avedldesierto"]
[Result "0-1"]
[WhiteElo "1780"]
[BlackElo "1768"]
[TimeControl "2700+45"]

1. e4 e5 2. Nf3 Nc6 3. Bb5 a6 4. Ba4 h6 5. O-O d6 6. h3 Nf6 7. Re1 Bd7 8. c3 Be7
9. d3 O-O 10. Be3 Rb8 11. Nbd2 Na5 12. Nf1 Bxa4 13. Qxa4 Nc6 14. Qd1 Nh7 15. Qd2
Bg5 16. Nxg5 Nxg5 17. Ng3 f6 18. h4 Nf7 19. Nf5 Ne7 20. d4 Nxf5 21. exf5 Qd7 22.
Qc2 d5 23. dxe5 Nxe5 24. Bd4 Nc6 25. Rad1 Rfe8 26. Re3 Re7 27. Rg3 Nxd4 28. Rxd4
Re1+ 29. Kh2 Qd6 30. Qd2 Rbe8 31. Qxh6 Qxg3+ {White resigns} 0-1  aics%

[Event "Team 45 45 League T31"]
[Site "Internet Chess Club"]
[Date "2006.08.20"]
[Round "9"]
[White "kamu"]
[Black "hansolo1000"]
[Result "0-1"]
[WhiteElo "1649"]
[BlackElo "1729"]
[TimeControl "2700+45"]

1. d4 Nf6 2. c4 g6 3. g3 d5 4. cxd5 Nxd5 5. Bg2 Bg7 6. e4 Nb6 7. Ne2 Bg4 8. Nbc3
Nc6 9. d5 Nd4 10. O-O Nf3+ 11. Kh1 h5 12. Qd3 Ne5 13. Qb5+ Bd7 14. Qb3 h4 15.
Bf4 Nd3 16. Nb5 Nxf4 17. Nxf4 a6 18. Nc3 g5 19. Nd3 g4 20. Kg1 hxg3 21. fxg3
Bd4+ 22. Kh1 f6 23. Ne2 Ba4 24. Qb4 Be3 25. Nc5 Bb5 26. Ne6 Qd7 27. Rfe1 a5 28.
Qc3 Bf2 29. Rf1 Na4 30. Qxc7 Qc8 31. Rxf2 Kf7 32. Nc3 Bd7 33. Nxa4 Bxe6 34. Qxc8
Bxc8 {White forfeits on time} 0-1  aics%

[Event "Team 45 45 League T31"]
[Site "Internet Chess Club"]
[Date "2006.08.20"]
[Round "9"]
[White "GadsHill"]
[Black "stakastra"]
[Result "0-1"]
[WhiteElo "1547"]
[BlackElo "1615"]
[TimeControl "2700+45"]

1. d4 Nf6 2. c4 e6 3. Nf3 Bb4+ 4. Nbd2 O-O 5. a3 Be7 6. e3 d5 7. Bd3 h6 8. O-O
c5 9. cxd5 exd5 10. dxc5 Bxc5 11. b4 Bd6 12. Nb3 Bg4 13. Be2 Qe7 14. Bb2 Nbd7
15. Rc1 b6 16. Nbd4 Bxf3 17. Bxf3 Ne5 18. Be2 a6 19. Nc6 Nxc6 20. Rxc6 Qe6 21.
Qc2 Rfd8 22. Rc1 Ne4 23. g3 b5 24. Bd4 Qe7 25. Bb6 Re8 26. Bf3 Nf6 27. Qf5 Qe5
28. Qd3 Nd7 29. Bxd5 Nxb6 30. Rxb6 Rad8 31. Rcc6 Bxb4 32. Bxf7+ Kxf7 33. Qg6+
Kg8 34. axb4 Rf8 35. Qe6+ Qxe6 36. Rxe6 Rd1+ 37. Kg2 Rb1 38. Rxa6 Rxb4 39. Re7
Kh7 40. Raa7 Rg8 41. Rab7 Rb2 42. Kf3 b4 43. Rf7 Kg6 44. Kf4 Rxf2+ {White
resigns} 0-1  aics%  SilikonaPub(FM)(71): hola zlata! aics% 



boozehound(340): how about ben85
aics%

[Event "ICC 45 45"]
[Site "Internet Chess Club"]
[Date "2006.08.20"]
[Round "9"]
[White "Trixi"]
[Black "Aziraphale"]
[Result "1-0"]
[WhiteElo "1443"]
[BlackElo "1403"]
[TimeControl "2700+45"]

1. e4 e5 2. Nf3 Nc6 3. Nc3 Nf6 4. Bb5 Bc5 5. Nxe5 a6 6. Nxc6 dxc6 7. Be2 O-O 8.
O-O Re8 9. d3 b5 10. a3 Be6 11. Kh1 Qd7 12. Bg5 Ng4 13. Bxg4 Bxg4 14. f3 Bh5 15.
g4 Bg6 16. h4 h6 17. Bf4 h5 18. Qe2 Bd4 19. Rae1 Rad8 20. Qg2 Be5 21. Qg3 f6 22.
Bxe5 fxe5 23. Re2 Rf8 24. Ref2 Rf4 25. gxh5 Bxh5 26. Ne2 Rf6 27. Ng1 Rdf8 28.
Qxe5 Bxf3+ 29. Rxf3 Rxf3 30. Rxf3 Rxf3 31. Nxf3 Qh3+ 32. Nh2 Qxh4 33. Kg2 Qe1
34. Qg3 Qd2+ 35. Qf2 Qg5+ 36. Kf3 Qf6+ 37. Kg3 Qxb2 38. Qc5 Qc1 39. Nf3 Qh6 40.
Qf5 Qf6 41. Qxf6 gxf6 42. Nd4 c5 43. Ne6 Kf7 44. Nxc7 a5 45. Nxb5 Ke6 46. Kf4
Kf7 47. e5 Ke6 48. exf6 Kxf6 49. Ke4 Ke6 50. a4 Kd7 51. Kd5 c4 {Black resigns}
1-0  aics%

[Event "Team 45 45 League T31"]
[Site "Internet Chess Club"]
[Date "2006.08.20"]
[Round "9"]
[White "Sean"]
[Black "rayngrant"]
[Result "1/2-1/2"]
[WhiteElo "1496"]
[BlackElo "1631"]
[TimeControl "2700+45"]

1. c4 e5 2. g3 c6 3. d4 exd4 4. Qxd4 Nf6 5. Bg2 Be7 6. Nf3 O-O 7. O-O d5 8. cxd5
Qxd5 9. Qxd5 Nxd5 10. a3 Bf6 11. e4 Nb6 12. e5 Be7 13. Nc3 N8d7 14. Bf4 Nc5 15.
Rad1 Bf5 16. h3 Nd3 17. Bc1 Nxc1 18. Rxc1 Rad8 19. Rfd1 Nc4 20. Rxd8 Rxd8 21.
Nd1 Be6 22. Bf1 Nd2 23. Nxd2 Rxd2 24. b4 a5 25. bxa5 Bxa3 26. Ra1 Bc5 27. Ne3
Bxe3 28. fxe3 Ra2 29. Rxa2 Bxa2 30. Kf2 c5 31. Ke1 c4 32. Kd2 Kf8 33. Kc3 Ke7
34. Bxc4 Bxc4 35. Kxc4 Kd7 36. Kd5 h5 37. g4 hxg4 38. hxg4 g5 39. Kc5 Kc7 40. e4
Kd7 41. Kd5 Ke7 42. Kd4 Ke6 43. Kc5 Kd7 44. Kb6 Kc8 45. Kc5 Kc7 46. Kd5 Kd7 47.
Kc5 Kc7 48. Kd5 Kd7 {Game drawn by mutual agreement} 1/2-1/2  aics%

[Event "Team 45 45 League T31"]
[Site "Internet Chess Club"]
[Date "2006.08.17"]
[Round "9"]
[White "NESKAYA"]
[Black "GoIrish"]
[Result "1-0"]
[WhiteElo "1640"]
[BlackElo "1601"]
[TimeControl "2700+45"]

1. e4 d6 2. d4 Nf6 3. Nc3 g6 4. Nf3 Bg7 5. Bc4 O-O 6. O-O Nxe4 7. Bxf7+ Rxf7 8.
Nxe4 Bg4 9. Neg5 Rf8 10. h3 Bf5 11. Re1 Rf6 12. Ne4 Rf8 13. c3 Nc6 14. Ng3 e5
15. Bg5 Qd7 16. dxe5 Nxe5 17. Nxe5 dxe5 18. Nxf5 Qxf5 19. Bh4 g5 20. Bg3 c6 21.
Qb3+ Kh8 22. Qxb7 Rab8 23. Qxc6 Rxb2 24. Qc5 Rc8 25. Qxa7 Rxc3 26. Rac1 Rd3 27.
Qa8+ Bf8 28. Bxe5+ Kg8 29. Bxb2 Qxf2+ 30. Kxf2 {Black resigns} 1-0  aics%

[Event "Team 45 45 League T31"]
[Site "Internet Chess Club"]
[Date "2006.08.21"]
[Round "9"]
[White "Grenadier"]
[Black "mfunk"]
[Result "1-0"]
[WhiteElo "1623"]
[BlackElo "1626"]
[TimeControl "2700+45"]

1. e4 c6 2. d4 d5 3. exd5 cxd5 4. c4 Nf6 5. Nc3 Nc6 6. Nf3 Bg4 7. Be2 e6 8. a3
Bxf3 9. Bxf3 Be7 10. O-O O-O 11. c5 Ne8 12. Bf4 f6 13. b4 e5 14. Bxd5+ Kh8 15.
dxe5 fxe5 16. Bg3 Bf6 17. Ne4 Qc7 18. Bxc6 Qxc6 19. Nxf6 gxf6 20. Qb3 Rd8 21.
Rad1 Nc7 22. Rxd8 Rxd8 23. Rd1 Rxd1+ 24. Qxd1 Ne6 25. h3 Nd4 26. Qh5 Kg7 27.
Qg4+ Kf7 28. f3 Qd5 29. Bf2 Ke7 30. Qg7+ Ke6 31. Qg8+ {Black resigns} 1-0  aics%

[Event "Team 45 45 League T31"]
[Site "Internet Chess Club"]
[Date "2006.08.21"]
[Round "9"]
[White "e4ia"]
[Black "Archaeologist"]
[Result "1/2-1/2"]
[WhiteElo "1542"]
[BlackElo "1602"]
[TimeControl "2700+45"]

1. d4 e6 2. Nf3 b6 3. c4 Bb7 4. e3 Qf6 5. Bd3 c5 6. Nc3 cxd4 7. exd4 Bxf3 8.
Qxf3 Nc6 9. Be4 Qxf3 10. Bxf3 Rc8 11. Be3 Nf6 12. a3 Na5 13. c5 bxc5 14. d5 Nc4
15. O-O-O Nxe3 16. fxe3 d6 17. Be2 Be7 18. Bb5+ Kf8 19. dxe6 fxe6 20. Rhf1 g6
21. Bd7 Rb8 22. Bxe6 Kg7 23. Nd5 Nxd5 24. Rf7+ Kh6 25. Bxd5 Bg5 26. Rd3 Rhe8 27.
Rf3 Rf8 28. Kc2 Rxf3 29. gxf3 Bf6 30. b3 g5 31. f4 gxf4 32. exf4 a5 33. Rh3+ Kg7
34. Rg3+ Kh6 35. Rh3+ Kg7 36. Rg3+ Kh6 37. Rh3+ {Game drawn by repetition}
1/2-1/2  aics%

[Event "Team 45 45 League T31"]
[Site "Internet Chess Club"]
[Date "2006.08.20"]
[Round "9"]
[White "Mississippian"]
[Black "cazj"]
[Result "0-1"]
[WhiteElo "1368"]
[BlackElo "1375"]
[TimeControl "2700+45"]

1. e4 e5 2. Bc4 Bc5 3. c3 Nc6 4. Nf3 Nf6 5. d3 d6 6. O-O Bg4 7. h3 Bh5 8. Nbd2
O-O 9. Bb3 Qe7 10. Qe1 Rad8 11. Kh1 d5 12. Rg1 dxe4 13. g4 Bxg4 14. hxg4 exf3
15. Nxf3 Rxd3 16. Qe2 Rfd8 17. Bc2 R3d6 18. Nh4 Nd5 19. Nf5 Qf6 20. g5 Qe6 21.
Rg3 R6d7 22. Nh6+ gxh6 23. gxh6+ Kh8 24. Qe4 f5 25. Qg2 Nf4 26. Bxf4 exf4 27.
Rh3 Rg8 28. Qf3 Qg6 29. Rh2 Ne5 30. Qxf4 Ng4 31. Bxf5 Qg5 32. Qxg4 Qxg4 33. Bxg4
Rxg4 34. Re1 Rd8 35. b4 Bf8 36. a4 Rg6 37. f4 Bxh6 38. f5 Rf6 39. Re6 Rxe6 40.
fxe6 Bf8 41. Re2 Re8 42. Kg2 Kg7 43. Kf3 h5 44. Kg3 Be7 45. Kf4 h4 46. Ke5 Bf6+
47. Kf5 Bxc3 48. b5 Bf6 49. Rg2+ Kf8 50. Kxf6 c5 51. bxc6 bxc6 52. Rg7 Rxe6+ 53.
Kxe6 Kxg7 54. Kf5 h3 {White resigns} 0-1  aics%

[Event "Team 45 45 League T31"]
[Site "Internet Chess Club"]
[Date "2006.08.21"]
[Round "9"]
[White "markev"]
[Black "moreffee"]
[Result "0-1"]
[WhiteElo "1269"]
[BlackElo "1417"]
[TimeControl "2700+45"]

1. d4 Nf6 2. e3 g6 3. Bd3 Bg7 4. f4 O-O 5. Nf3 c5 6. c3 d6 7. O-O Nc6 8. Nbd2 e5
9. fxe5 dxe5 10. Ne4 Nxe4 11. Bxe4 exd4 12. exd4 Qb6 13. Kh1 cxd4 14. cxd4 Bd7
15. Rb1 Rad8 16. a3 Ne7 17. Bg5 Rde8 18. Re1 f6 19. Be3 Qe6 20. Bc2 Qd5 21. Bb3
Qf7 22. Bxf7+ Rxf7 23. Qb3 Bc6 24. Nd2 Nf5 25. Nc4 Bd5 26. Qb5 Rd8 27. Bf2 Bc6
28. Qa5 Rfd7 29. Ne3 Nxd4 30. Qc3 f5 31. Qc4+ Kh8 32. Nc2 Nxc2 33. Qxc2 Rd2 34.
Qc5 h5 35. Qe3 Kh7 36. Qf4 Bh6 37. Qc7+ R8d7 38. Re7+ Bg7 39. Rxd7 Rxd7 40. Qf4
Be4 41. Re1 Bh6 42. Qe5 Bg7 43. Bxa7 Bxe5 44. b4 Rd2 45. Rg1 Bd4 46. Bxd4 Rxd4
47. h3 Rd3 48. Kh2 Rxa3 49. Rc1 Kh6 50. Rc8 Rb3 51. h4 Rxb4 52. Kg3 Rb2 53. Kf4
Rxg2 54. Ke5 Rc2 55. Rd8 Rc5+ 56. Kf6 Rc6+ 57. Kf7 Rc7+ 58. Kf6 Kh7 59. Rg8
{White resigns} 0-1  aics%

[Event "Team 45 45 League T31"]
[Site "Internet Chess Club"]
[Date "2006.08.19"]
[Round "9"]
[White "rpgrossman"]
[Black "Riddari"]
[Result "0-1"]
[WhiteElo "1081"]
[BlackElo "1164"]
[TimeControl "2700+45"]

1. e4 c5 2. d4 cxd4 3. Qxd4 Nc6 4. Qd1 Nf6 5. Nc3 d6 6. Bb5 a6 7. Bxc6+ bxc6 8.
e5 Nd7 9. exd6 exd6 10. Qe2+ Be7 11. Bg5 f6 12. Bf4 Nb6 13. O-O-O d5 14. Ne4 O-O
15. Nd2 Re8 16. Be3 Bc5 17. Nb3 Bxe3+ 18. fxe3 Nc4 19. Rd3 Bf5 20. e4 Bxe4 21.
Rg3 Bxg2 22. Qg4 Re1+ 23. Qd1 Rxd1+ 24. Kxd1 Bxh1 {White resigns} 0-1  aics%

[Event "Team 45 45 League T31"]
[Site "Internet Chess Club"]
[Date "2006.08.21"]
[Round "9"]
[White "MSStateBulldog"]
[Black "Milo"]
[Result "0-1"]
[WhiteElo "2441"]
[BlackElo "2438"]
[TimeControl "2700+45"]

1. e4 e5 2. Nf3 Nc6 3. Bb5 a6 4. Bxc6 dxc6 5. O-O Bg4 6. h3 h5 7. d3 Qf6 8. Nbd2
Bd6 9. Re1 Bxf3 10. Qxf3 O-O-O 11. Qe3 Kb8 12. Nc4 Ne7 13. Rb1 g5 14. b4 g4 15.
Qg5 Qe6 16. h4 Rdg8 17. Qe3 f5 18. g3 f4 19. Qe2 Ng6 20. a4 Nxh4 21. gxh4 g3 22.
Qf3 Qh3 23. Qh1 gxf2+ 24. Kxf2 Qg3+ 25. Ke2 Rg4 26. Rf1 Rxh4 27. Qf3 Qg5 28.
Nxd6 cxd6 29. b5 axb5 30. axb5 c5 31. b6 Rg4 32. Bd2 Rg2+ 33. Rf2 Rg3 34. Qh1
Qg4+ 35. Kf1 Rg8 36. Ke1 Rg1+ 37. Qxg1 Qxg1+ 38. Rf1 Qh2 {White resigns} 0-1 
aics%

[Event "Team 45 45 League T31"]
[Site "Internet Chess Club"]
[Date "2006.08.21"]
[Round "9"]
[White "jpitt"]
[Black "Ozgur-Bjk"]
[Result "0-1"]
[WhiteElo "2348"]
[BlackElo "2126"]
[TimeControl "2700+45"]

1. d4 d5 2. c4 e6 3. Nc3 Nf6 4. Nf3 Be7 5. Bf4 O-O 6. e3 b6 7. cxd5 exd5 8. Bd3
Bb7 9. O-O c5 10. Ne5 Nc6 11. Rc1 Nxe5 12. dxe5 Ne4 13. Qc2 Nxc3 14. Bxh7+ Kh8
15. bxc3 g6 16. Bxg6 fxg6 17. Qxg6 Qe8 18. Qh6+ Kg8 19. Bg3 Ba6 20. Rfd1 Bc4 21.
Rc2 Rc8 22. f4 Rc6 23. Qh3 Qg6 24. Rcd2 d4 25. e4 Be6 26. f5 Rxf5 27. exf5 Bxf5
28. cxd4 cxd4 29. Qxf5 Qxf5 30. Rf2 Qg6 31. Rf3 Rc3 32. Rff1 Rc2 33. Rf3 Rxg2+
34. Kh1 Rxa2 35. Bf2 Qe4 36. Rg1+ Kh7 37. Rg3 Rxf2 {White resigns} 0-1  aics%

[Event "Team 45 45 League T31"]
[Site "Internet Chess Club"]
[Date "2006.08.20"]
[Round "9"]
[White "Allessia"]
[Black "Zebbile"]
[Result "1/2-1/2"]
[WhiteElo "2158"]
[BlackElo "2065"]
[TimeControl "2700+45"]

1. e4 c6 2. d4 d5 3. Nd2 dxe4 4. Nxe4 Bf5 5. Ng3 Bg6 6. Nf3 Nd7 7. Bd3 e6 8. O-O
Ngf6 9. c3 Qc7 10. Re1 Be7 11. Bg5 O-O 12. Bxg6 hxg6 13. Qd2 Rad8 14. Bf4 Bd6
15. Bxd6 Qxd6 16. Rad1 Rfe8 17. Qe2 b5 18. Ne5 Qc7 19. Nxd7 Rxd7 20. Ne4 Nxe4
21. Qxe4 Red8 22. Qe5 Qa5 23. a3 Rd5 24. Qe2 a6 25. Qc2 Qc7 26. Qe2 Qd6 27. Rc1
a5 28. b4 Qc7 29. Ra1 Ra8 30. g3 Ra7 31. Ra2 Rd8 32. Rea1 Rda8 33. Qc2 Ra6 34.
a4 axb4 35. cxb4 Qd6 36. axb5 Rxa2 37. Rxa2 Rxa2 38. Qxa2 cxb5 39. Qb2 Qc6 40.
Qd2 Qc4 41. Kg2 Kf8 42. Kg1 Ke8 43. h3 g5 {Game drawn by mutual agreement}
1/2-1/2  aics%

[Event "Team 45 45 League T31"]
[Site "Internet Chess Club"]
[Date "2006.08.21"]
[Round "9"]
[White "equi"]
[Black "Gregorio"]
[Result "0-1"]
[WhiteElo "1911"]
[BlackElo "2105"]
[TimeControl "2700+45"]

1. d4 Nf6 2. c4 e6 3. Nf3 b6 4. a3 Bb7 5. Nc3 d5 6. cxd5 Nxd5 7. Qc2 Be7 8. e4
Nxc3 9. bxc3 O-O 10. Bd3 c5 11. O-O Nc6 12. Bb2 Rc8 13. Qe2 Na5 14. Rad1 c4 15.
Bb1 Qe8 16. e5 Qb5 17. Qc2 g6 18. Nd2 Nb3 19. f3 Nxd2 20. Rxd2 Qa5 21. Qc1 f6
22. exf6 Bxf6 23. Re2 e5 24. dxe5 Bxe5 25. Qe1 Bd6 26. Bc1 Qh5 27. h3 Rcd8 28.
Be3 Bxa3 29. Bd4 Bc5 30. Re7 Bxd4+ 31. cxd4 Qd5 32. Kh1 Bc8 33. Qh4 Qh5 34. Qxh5
gxh5 35. Bxh7+ Kh8 36. Rfe1 Rd7 37. Bg6 Rfd8 38. Re8+ Kg7 39. Bf5 Rxe8 40. Rxe8
Rc7 41. Rxc8 Rxc8 42. Bxc8 Kf6 43. Ba6 c3 44. Bd3 a5 45. Bb1 a4 46. g4 a3 47. f4
hxg4 48. hxg4 a2 49. g5+ Kg7 50. Bxa2 c2 51. Kg2 c1=Q 52. Be6 Qxf4 53. d5 Qxg5+
54. Kf3 Qe5 {White resigns} 0-1  aics%